General information
- name: BNet
- type: Ladder team game (AT/RT)
- host: Battle.net
- saver: SERIOUSCRAFT
map: Dragonblight
- players: 6
- length: 51:29
- speed: Fast
- version: 1.24 W3XP
- replay type: Public
» download(271 KB)
Players
team 1 (loser)
DeViL_FODA (
red | 24 APM | 1210 actions | 51:14)
4 Blademaster
2 Wind Walk
2 Critical Strike
» actions
| Assign group hotkey | 8 | |
| Basic commands | 6 | |
| Build / train | 83 | |
| Enter build submenu | 46 | |
| Enter hero's abilities submenu | 4 | |
| Right click | 532 | |
| Select / deselect | 453 | |
| Select group hotkey | 21 | |
| Use ability | 57 | |
1210 total
» units
| Peon | 36 | |
| Troll Headhunter/Berserker | 23 | |
| Demolisher | 6 | |
| Wind Rider | 7 | |
72 total
» upgrades
| Ranged Weapons | 2 | |
| Berserker Upgrade | 1 | |
| Reinforced Defenses | 1 | |
4 total
» buildings
| Altar of Storms | 1 | |
| Orc Burrow | 11 | |
| War Mill | 1 | |
| Barracks | 3 | |
| Stronghold | 1 | |
| Fortress | 1 | |
| Great Hall | 3 | |
| Watch Tower | 16 | |
| Beastiary | 3 | |
40 total
» build order
00:20 Altar of Storms
00:36 Orc Burrow
00:53 War Mill
01:41 Barracks
01:58 Orc Burrow
02:57 Stronghold
03:11 Barracks
05:15 Orc Burrow
05:41 Fortress
06:28 Orc Burrow
19:24 Great Hall
19:40 Watch Tower
22:09 Orc Burrow
22:50 Orc Burrow
24:58 Watch Tower
24:59 Watch Tower
25:27 Watch Tower
25:32 Watch Tower
25:50 Watch Tower
26:15 Watch Tower
26:18 Watch Tower
26:39 Watch Tower
26:47 Watch Tower
27:03 Watch Tower
27:08 Watch Tower
27:14 Watch Tower
27:49 Watch Tower
27:52 Watch Tower
28:35 Orc Burrow
29:26 Beastiary
30:31 Watch Tower
31:05 Barracks
31:53 Orc Burrow
33:22 Orc Burrow
33:23 Orc Burrow
33:31 Beastiary
33:48 Great Hall
34:05 Orc Burrow
35:50 Beastiary
42:48 Great Hall
DOM_SIDOM_FODA (
pink | 58 APM | 2723 actions | 46:34)
5 Death Knight
2 Death Coil
1 Death Pact
2 Unholy Aura
» actions
| Assign group hotkey | 29 | |
| Basic commands | 175 | |
| Build / train | 101 | |
| Enter build submenu | 28 | |
| Enter hero's abilities submenu | 5 | |
| Give item / drop item | 2 | |
| Remove unit from queue | 14 | |
| Right click | 1485 | |
| Select / deselect | 377 | |
| Select group hotkey | 389 | |
| Use ability | 117 | |
2723 total
» units
| Acolyte | 18 | |
| Ghoul | 30 | |
| Crypt Fiend | 18 | |
66 total
» upgrades
| Unholy Strength | 1 | |
| Unholy Armor | 1 | |
| Web | 1 | |
| Burrow | 1 | |
| Creature Attack | 1 | |
| Creature Carapace | 1 | |
6 total
» buildings
| Crypt | 3 | |
| Ziggurat | 11 | |
| Altar of Darkness | 1 | |
| Tomb of Relics | 3 | |
| Nerubian Tower | 2 | |
| Graveyard | 1 | |
| Halls of the Dead | 1 | |
| Necropolis | 2 | |
| Spirit Tower | 6 | |
30 total
» build order
00:08 Crypt
00:09 Ziggurat
00:32 Altar of Darkness
01:48 Ziggurat
02:01 Crypt
02:15 Tomb of Relics
02:42 Ziggurat
04:31 Ziggurat
04:55 Nerubian Tower
06:56 Graveyard
07:45 Halls of the Dead
09:30 Crypt
17:35 Necropolis
20:57 Spirit Tower
20:59 Spirit Tower
21:30 Ziggurat
21:32 Ziggurat
21:39 Spirit Tower
24:28 Spirit Tower
24:32 Ziggurat
25:24 Nerubian Tower
25:27 Ziggurat
28:01 Tomb of Relics
28:36 Tomb of Relics
29:37 Spirit Tower
29:52 Necropolis
30:15 Ziggurat
31:32 Spirit Tower
41:13 Ziggurat
41:23 Ziggurat
» items
| Dust of Appearance | 2 | |
| Rod of Necromancy | 1 | |
| Scroll of Town Portal | 1 | |
4 total
Mellos_Foda (
blue | 31 APM | 1570 actions | 51:26)
3 Crypt Lord
1 Carrion Beetles
2 Spiked Carapace
» actions
| Assign group hotkey | 13 | |
| Basic commands | 83 | |
| Build / train | 81 | |
| Enter build submenu | 31 | |
| Enter hero's abilities submenu | 3 | |
| Remove unit from queue | 2 | |
| Right click | 633 | |
| Select / deselect | 600 | |
| Select group hotkey | 21 | |
| Use ability | 103 | |
1570 total
» units
| Acolyte | 15 | |
| Ghoul | 3 | |
| Necromancer | 16 | |
| Meatwagon | 14 | |
| Obsidian Statue | 2 | |
| Frost Wyrm | 6 | |
56 total
» upgrades
| Necromancer Training | 2 | |
| Skeletal Longevity | 1 | |
| Skeletal Mastery | 1 | |
| Exhume Corpses | 1 | |
| Unholy Strength | 2 | |
| Unholy Armor | 2 | |
| Freezing Breath | 1 | |
10 total
» buildings
| Crypt | 1 | |
| Graveyard | 1 | |
| Halls of the Dead | 2 | |
| Ziggurat | 17 | |
| Altar of Darkness | 1 | |
| Temple of the Damned | 3 | |
| Spirit Tower | 5 | |
| Black Citadel | 1 | |
| Slaughterhouse | 2 | |
| Tomb of Relics | 1 | |
| Nerubian Tower | 1 | |
| Necropolis | 1 | |
| Sacrificial Pit | 1 | |
| Boneyard | 4 | |
41 total
» build order
00:10 Crypt
00:21 Graveyard
01:04 Halls of the Dead
01:46 Ziggurat
02:07 Altar of Darkness
02:38 Ziggurat
03:48 Temple of the Damned
03:53 Temple of the Damned
03:58 Temple of the Damned
04:06 Spirit Tower
05:10 Ziggurat
06:07 Ziggurat
07:20 Black Citadel
07:59 Slaughterhouse
12:21 Ziggurat
13:08 Ziggurat
13:22 Tomb of Relics
20:22 Spirit Tower
20:33 Ziggurat
29:06 Ziggurat
29:08 Ziggurat
29:21 Slaughterhouse
29:49 Ziggurat
30:51 Nerubian Tower
30:55 Spirit Tower
33:07 Necropolis
33:27 Spirit Tower
35:28 Spirit Tower
37:43 Sacrificial Pit
42:55 Boneyard
43:09 Boneyard
43:11 Boneyard
43:14 Boneyard
47:24 Ziggurat
47:25 Ziggurat
47:27 Ziggurat
47:28 Ziggurat
47:45 Ziggurat
48:25 Ziggurat
48:30 Ziggurat
team 2 (winner)
blueflagon (
orange | 56 APM | 2890 actions | 51:26)
10 Paladin
3 Holy Light
3 Divine Shield
1 Resurrection
3 Devotion Aura
» actions
| Assign group hotkey | 267 | |
| Basic commands | 25 | |
| Build / train | 78 | |
| Enter build submenu | 27 | |
| Enter hero's abilities submenu | 10 | |
| Right click | 1589 | |
| Select / deselect | 405 | |
| Select group hotkey | 322 | |
| Use ability | 167 | |
2890 total
» units
| Peasant | 13 | |
| Gryphon Rider | 6 | |
| Blue Dragon | 3 | |
22 total
» upgrades
| Masonry | 1 | |
| Lumber Harvesting | 1 | |
| Swords | 2 | |
| Storm Hammers | 1 | |
5 total
» buildings
| Altar of Kings | 2 | |
| Farm | 8 | |
| Lumber Mill | 1 | |
| Scout Tower | 14 | |
| Guard Tower | 9 | |
| Keep | 1 | |
| Arcane Tower | 4 | |
| Castle | 1 | |
| Gryphon Aviary | 2 | |
| Blacksmith | 1 | |
| Arcane Vault | 1 | |
| Barracks | 1 | |
45 total
» build order
00:10 Altar of Kings
00:15 Altar of Kings
00:31 Farm
01:12 Lumber Mill
01:19 Farm
01:48 Scout Tower
01:53 Scout Tower
02:09 Scout Tower
02:15 Guard Tower
02:41 Guard Tower
03:08 Guard Tower
03:10 Scout Tower
03:17 Keep
04:47 Guard Tower
04:53 Scout Tower
04:53 Scout Tower
05:26 Arcane Tower
05:43 Castle
06:05 Arcane Tower
06:06 Scout Tower
06:07 Scout Tower
06:45 Guard Tower
06:48 Scout Tower
06:50 Scout Tower
06:51 Scout Tower
06:53 Scout Tower
06:57 Scout Tower
06:58 Scout Tower
07:05 Gryphon Aviary
07:07 Gryphon Aviary
07:13 Farm
07:13 Farm
07:14 Farm
07:14 Farm
07:14 Farm
07:15 Farm
07:21 Guard Tower
07:24 Guard Tower
07:31 Arcane Tower
07:32 Arcane Tower
07:55 Guard Tower
09:35 Guard Tower
09:42 Blacksmith
17:00 Arcane Vault
17:06 Barracks
» items
| Healing Salve | 3 | |
| Lesser Clarity Potion | 9 | |
| Potion of Mana | 2 | |
| Scroll of Speed | 4 | |
| Scroll of Town Portal | 3 | |
| Scroll of Regeneration | 2 | |
| Staff of Sanctuary | 1 | |
| Circlet of Nobility | 1 | |
25 total
KeKeZergRush (
purple | 80 APM | 4098 actions | 51:26)
6 Mountain King
3 Storm Bolt
2 Bash
1 Avatar
5 Paladin
3 Holy Light
2 Divine Shield
» actions
| Assign group hotkey | 12 | |
| Basic commands | 47 | |
| Build / train | 123 | |
| Enter build submenu | 50 | |
| Enter hero's abilities submenu | 12 | |
| Give item / drop item | 7 | |
| Right click | 1460 | |
| Select / deselect | 393 | |
| Select group hotkey | 1710 | |
| Use ability | 283 | |
4098 total
» units
| Peasant | 21 | |
| Sorceress | 1 | |
| Siege Engine | 2 | |
24 total
» upgrades
| Masonry | 3 | |
| Lumber Harvesting | 2 | |
| Magic Sentry | 1 | |
| Barrage | 1 | |
| Sorceress Training | 2 | |
| Swords | 1 | |
| Priest Training | 2 | |
| Gunpowder | 3 | |
| Plating | 3 | |
18 total
» buildings
| Altar of Kings | 2 | |
| Farm | 6 | |
| Lumber Mill | 1 | |
| Scout Tower | 94 | |
| Arcane Tower | 4 | |
| Guard Tower | 45 | |
| Keep | 1 | |
| Arcane Vault | 1 | |
| Arcane Sanctum | 2 | |
| Castle | 1 | |
| Blacksmith | 1 | |
| Workshop | 3 | |
| Town Hall | 4 | |
165 total
» build order
00:07 Altar of Kings
00:08 Farm
00:10 Altar of Kings
00:25 Lumber Mill
00:52 Farm
01:43 Scout Tower
01:44 Scout Tower
02:12 Arcane Tower
02:13 Guard Tower
02:16 Scout Tower
02:16 Scout Tower
02:43 Guard Tower
02:45 Guard Tower
02:48 Scout Tower
02:50 Scout Tower
03:31 Scout Tower
04:24 Guard Tower
04:26 Keep
04:28 Arcane Tower
04:32 Scout Tower
04:32 Scout Tower
04:34 Scout Tower
04:35 Scout Tower
05:08 Guard Tower
05:32 Guard Tower
05:34 Scout Tower
05:35 Scout Tower
05:36 Scout Tower
05:51 Farm
06:32 Guard Tower
06:36 Scout Tower
06:37 Scout Tower
06:39 Scout Tower
07:09 Guard Tower
07:31 Arcane Vault
07:49 Guard Tower
07:56 Arcane Sanctum
09:34 Scout Tower
09:35 Scout Tower
09:36 Scout Tower
09:37 Scout Tower
09:38 Scout Tower
09:39 Scout Tower
10:02 Guard Tower
10:04 Guard Tower
10:07 Castle
10:36 Guard Tower
12:07 Scout Tower
12:08 Scout Tower
12:09 Scout Tower
12:10 Scout Tower
12:40 Guard Tower
13:06 Guard Tower
13:26 Scout Tower
13:27 Scout Tower
13:28 Scout Tower
13:29 Scout Tower
13:30 Scout Tower
13:31 Scout Tower
13:58 Guard Tower
14:22 Guard Tower
14:38 Blacksmith
14:52 Guard Tower
14:54 Scout Tower
14:55 Scout Tower
14:56 Scout Tower
14:57 Scout Tower
14:58 Scout Tower
15:00 Scout Tower
15:56 Guard Tower
16:02 Workshop
16:03 Workshop
16:05 Workshop
16:37 Guard Tower
16:39 Guard Tower
16:42 Scout Tower
16:42 Scout Tower
16:58 Scout Tower
16:58 Scout Tower
17:00 Scout Tower
17:01 Scout Tower
17:02 Scout Tower
17:03 Scout Tower
17:04 Scout Tower
17:05 Scout Tower
18:01 Guard Tower
18:19 Guard Tower
18:21 Guard Tower
18:21 Guard Tower
18:48 Guard Tower
19:17 Guard Tower
21:06 Farm
21:07 Farm
21:08 Farm
22:19 Town Hall
23:35 Scout Tower
23:36 Scout Tower
23:37 Scout Tower
23:38 Scout Tower
23:39 Scout Tower
23:41 Scout Tower
23:43 Scout Tower
23:43 Scout Tower
23:44 Scout Tower
23:45 Scout Tower
23:46 Scout Tower
23:46 Scout Tower
23:48 Scout Tower
23:49 Scout Tower
23:50 Scout Tower
23:50 Scout Tower
23:51 Scout Tower
23:52 Scout Tower
24:18 Guard Tower
24:44 Guard Tower
25:05 Guard Tower
25:34 Guard Tower
26:20 Guard Tower
26:33 Guard Tower
26:59 Guard Tower
27:45 Guard Tower
28:25 Town Hall
28:30 Guard Tower
28:55 Scout Tower
28:56 Scout Tower
28:57 Scout Tower
28:57 Scout Tower
28:58 Scout Tower
28:58 Scout Tower
28:59 Scout Tower
29:00 Scout Tower
29:00 Scout Tower
29:01 Scout Tower
29:01 Scout Tower
29:02 Scout Tower
29:03 Scout Tower
29:04 Scout Tower
29:05 Scout Tower
29:06 Scout Tower
29:06 Scout Tower
29:07 Scout Tower
29:08 Scout Tower
29:08 Scout Tower
29:09 Scout Tower
29:33 Guard Tower
30:00 Guard Tower
30:29 Arcane Sanctum
30:54 Guard Tower
31:34 Guard Tower
31:59 Guard Tower
32:34 Guard Tower
32:37 Guard Tower
33:02 Guard Tower
33:47 Guard Tower
35:32 Guard Tower
36:11 Town Hall
41:26 Town Hall
45:43 Scout Tower
45:43 Scout Tower
45:44 Scout Tower
45:45 Scout Tower
45:46 Scout Tower
45:47 Scout Tower
46:58 Arcane Tower
47:42 Arcane Tower
» items
| Boots of Speed | 2 | |
| Staff of Teleportation | 2 | |
| Healing Salve | 3 | |
| Lesser Clarity Potion | 6 | |
| Staff of Sanctuary | 2 | |
| Orb of Fire | 2 | |
17 total
SERIOUSCRAFT (
yellow | 48 APM | 2480 actions | 51:29)
9 Blademaster
3 Wind Walk
3 Critical Strike
1 Bladestorm
2 Mirror Image
» actions
| Assign group hotkey | 3 | |
| Build / train | 45 | |
| Enter build submenu | 14 | |
| Enter hero's abilities submenu | 9 | |
| Give item / drop item | 7 | |
| Remove unit from queue | 1 | |
| Right click | 1792 | |
| Select / deselect | 190 | |
| Select group hotkey | 309 | |
| Use ability | 110 | |
2480 total
» units
» upgrades
| Ranged Weapons | 1 | |
| Spiked Barricades | 1 | |
| Armor | 1 | |
3 total
» buildings
| Altar of Storms | 1 | |
| Orc Burrow | 4 | |
| War Mill | 1 | |
| Watch Tower | 15 | |
| Voodoo Lounge | 1 | |
| Stronghold | 1 | |
| Beastiary | 3 | |
| Fortress | 1 | |
27 total
» build order
00:08 Altar of Storms
00:31 Orc Burrow
00:38 War Mill
02:16 Watch Tower
02:23 Voodoo Lounge
02:40 Orc Burrow
03:22 Watch Tower
04:27 Watch Tower
04:31 Watch Tower
04:32 Watch Tower
04:34 Watch Tower
06:21 Stronghold
07:12 Watch Tower
07:15 Watch Tower
07:18 Watch Tower
07:56 Watch Tower
07:56 Watch Tower
07:57 Watch Tower
07:58 Watch Tower
07:59 Watch Tower
08:00 Watch Tower
08:09 Orc Burrow
08:10 Orc Burrow
10:08 Beastiary
10:09 Beastiary
10:10 Beastiary
10:54 Fortress
» items
| Healing Salve | 3 | |
| Lesser Clarity Potion | 1 | |
| Boots of Speed | 1 | |
| Circlet of Nobility | 1 | |
| Staff of Teleportation | 1 | |
| Scroll of Healing | 1 | |
| Potion of Lesser Invulnerability | 2 | |
| Orb of Fire | 1 | |
11 total
Chat log
(00:05 / Allies) SERIOUSCRAFT: get same heros
(00:12 / Allies) KeKeZergRush: yep
(00:17 / Allies) KeKeZergRush: might want mk pala X 2
(00:20 / Allies) KeKeZergRush: because dual ud
(00:26 / Allies) blueflagon: im goni pala first
(00:28 / Allies) SERIOUSCRAFT: but dual aoe owns ud so hard
(00:42 / Allies) SERIOUSCRAFT: up to you
(00:58 / Allies) blueflagon: are you 2 goign to tower the
(01:00 / Allies) blueflagon: routes
(01:02 / Allies) blueflagon: and io tech quick
(01:22 / Allies) KeKeZergRush: me
(01:31 / Allies) blueflagon: ill put some towers up
(01:33 / Allies) blueflagon: to help early
(01:38 / Allies) KeKeZergRush: ?
(01:42 / Allies) SERIOUSCRAFT: ill do a little
(01:46 / Allies) SERIOUSCRAFT: but i need to get bats asap
(01:49 / Allies) SERIOUSCRAFT: cant afford lots of towers
(02:03 / Allies) blueflagon: dont build on oeither side
(02:06 / Allies) blueflagon: buidl infront for line
(02:18 / Allies) blueflagon: u got bottom
(02:19 / Allies) KeKeZergRush: 1 space apart
(02:20 / Allies) blueflagon: dont bother mid
(02:22 / Allies) KeKeZergRush: frosties
(02:26 / Allies) SERIOUSCRAFT: just putting shop ther
(02:30 / Allies) blueflagon: ah
(02:32 / Allies) KeKeZergRush: blue
(02:36 / Allies) KeKeZergRush: you should tower that
(02:46 / Allies) blueflagon: lets go hunt
(02:55 / Allies) KeKeZergRush: hey
(03:00 / Allies) SERIOUSCRAFT: need to beef this up
(03:04 / Allies) blueflagon: i ment to stop cancel but i have 200ping
(03:05 / Allies) blueflagon: in rt
(03:18 / Allies) KeKeZergRush: blue tower this for him
(03:46 / Allies) KeKeZergRush: sorry
(03:51 / Allies) SERIOUSCRAFT: sok
(04:03 / Allies) blueflagon: necor rush
(04:04 / Allies) blueflagon: aha
(04:05 / Allies) SERIOUSCRAFT: v nice
(05:06 / Allies) blueflagon: hes alrdy necro massing
(05:08 / Allies) blueflagon: means hes being fed
(05:20 / Allies) blueflagon: they making fodder
(05:22 / Allies) KeKeZergRush: bm go for that
(05:25 / Allies) SERIOUSCRAFT: am
(05:26 / Allies) KeKeZergRush: dk dead almost
(06:14 / Allies) KeKeZergRush: dont know
(06:16 / Allies) SERIOUSCRAFT: ffff
(06:27 / Allies) SERIOUSCRAFT: beef this up
(06:29 / Allies) blueflagon: garg mass?
(08:05 / Allies) blueflagon: i need lumbers
(08:11 / Allies) KeKeZergRush: dead
(08:31 / Allies) SERIOUSCRAFT: told you to beef it up
(08:33 / Allies) SERIOUSCRAFT: way 2 go
(08:40 / Allies) blueflagon: focus the necros
(08:41 / Allies) blueflagon: with bolt light
(09:42 / Allies) SERIOUSCRAFT: why did nobody listen to me
(09:51 / Allies) blueflagon: your job to tower bottom
(09:52 / Allies) blueflagon: not ours
(09:54 / Allies) SERIOUSCRAFT: i told you
(09:57 / Allies) SERIOUSCRAFT: i am getting bats
(09:58 / Allies) blueflagon: tops twice as big
(10:01 / Allies) SERIOUSCRAFT: cant tower it alone
(10:26 / Allies) KeKeZergRush: dk
(11:10 / Allies) blueflagon: burrow
(14:25 / Allies) blueflagon: get rdy to counter his aa
(15:16 / Allies) KeKeZergRush: dk
(15:49 / Allies) SERIOUSCRAFT: move in
(15:58 / Allies) blueflagon: buidl something..
(16:32 / Allies) KeKeZergRush: mass tanks?
(16:35 / Allies) SERIOUSCRAFT: yes
(16:52 / Allies) blueflagon: go scout with b ats
(17:10 / Allies) SERIOUSCRAFT: only have 1 left
(17:20 / Allies) blueflagon: 2
(17:26 / Allies) SERIOUSCRAFT: yea
(17:35 / Allies) blueflagon: they dont have fire so they arent mcuh better than a scout
(17:56 / Allies) KeKeZergRush: creep whole map i think
(18:06 / Allies) KeKeZergRush: need level advantage
(18:08 / Allies) SERIOUSCRAFT: yes
(18:24 / Allies) blueflagon: fiends and headhuntes there
(18:27 / Allies) blueflagon: ima atk a base
(18:45 / Allies) blueflagon: tank it
(18:46 / Allies) blueflagon: i got heal
(19:36 / Allies) KeKeZergRush: mains almost out
(20:54 / Allies) SERIOUSCRAFT: kill main
(20:58 / Allies) blueflagon: we cant
(21:00 / Allies) SERIOUSCRAFT: k
(21:13 / Allies) blueflagon: but we can kill his wokrers
(21:16 / Allies) SERIOUSCRAFT: yep
(21:37 / Allies) SERIOUSCRAFT: no workers no food
(22:50 / Allies) blueflagon: fiends ar ehere
(23:34 / Allies) blueflagon: scout
(23:40 / Allies) SERIOUSCRAFT: k
(24:01 / Allies) blueflagon: share so i can kill my workers
(24:04 / Allies) blueflagon: kill them for me
(24:23 / Allies) blueflagon: good
(25:14 / Allies) blueflagon: start taking out fiends if you can
(25:34 / Allies) blueflagon: ahh
(26:16 / Allies) SERIOUSCRAFT: ah you got a bob saget
(26:24 / Allies) SERIOUSCRAFT: b
(26:28 / Allies) KeKeZergRush: tp
(26:36 / Allies) SERIOUSCRAFT: omfg
(27:13 / Allies) blueflagon: bladestorm when u can
(27:18 / Allies) SERIOUSCRAFT: almot 6
(27:30 / Allies) blueflagon: show me wuts tehre
(28:42 / Allies) blueflagon: we need brilliance aura
(28:49 / Allies) SERIOUSCRAFT: 6...
(28:51 / Allies) blueflagon: and i need hold
(28:52 / Allies) blueflagon: gold
(29:16 / Allies) blueflagon: keke i need about
(29:16 / Allies) SERIOUSCRAFT: yeah thayts why i wanted someone to get dual aoe
(29:17 / Allies) blueflagon: 750 gold
(29:19 / Allies) blueflagon: for another dragon
(29:33 / Allies) blueflagon: go storm
(29:34 / Allies) blueflagon: its perfect
(29:37 / Allies) blueflagon: ehh
(29:38 / Allies) blueflagon: dk
(30:21 / Allies) blueflagon: im coming to reds expo
(30:37 / Allies) blueflagon: can u revive ur hero
(30:38 / Allies) blueflagon: if u die
(30:42 / Allies) SERIOUSCRAFT: no
(30:47 / Allies) SERIOUSCRAFT: thats why i have invuln
(31:23 / Allies) SERIOUSCRAFT: get
(31:28 / Allies) SERIOUSCRAFT: k
(31:37 / Allies) SERIOUSCRAFT: get attack lv 3 for gryphs
(31:44 / Allies) blueflagon: no
(31:46 / Allies) blueflagon: more dragons
(31:47 / Allies) SERIOUSCRAFT: k
(31:55 / Allies) blueflagon: kill dk
(32:21 / Allies) blueflagon: kill fiends then
(32:31 / Allies) SERIOUSCRAFT: gj
(32:40 / Allies) SERIOUSCRAFT: scan
(32:40 / Allies) blueflagon: we need dsut
(32:41 / Allies) blueflagon: go
(32:42 / Allies) blueflagon: go
(33:09 / Allies) blueflagon: fucked over
(33:10 / Allies) blueflagon: ahha
(33:14 / Allies) blueflagon: shall we
(33:20 / Allies) SERIOUSCRAFT: one wee bat left
(33:34 / Allies) SERIOUSCRAFT: ah
(33:35 / Allies) blueflagon: doh..
(33:37 / Allies) SERIOUSCRAFT: and there he goes
(33:49 / Allies) blueflagon: they found his expo
(33:54 / Allies) SERIOUSCRAFT: big deal
(34:09 / Allies) SERIOUSCRAFT: we have our second bob saget soon
(34:23 / Allies) blueflagon: lamer
(34:39 / Allies) SERIOUSCRAFT: can i buy orb from somewher
(34:51 / Allies) SERIOUSCRAFT: k i see your shop
(35:08 / Allies) blueflagon: gimme like 200 gold
(35:10 / Allies) blueflagon: for a drag
(35:16 / Allies) blueflagon: then i help ur expo
(35:59 / Allies) blueflagon: lets own him
(36:11 / Allies) blueflagon: how man fiends
(36:13 / Allies) SERIOUSCRAFT: 3
(36:14 / Allies) blueflagon: pah 3
(36:33 / Allies) SERIOUSCRAFT: lol
(36:38 / Allies) blueflagon: wunderbar
(36:43 / Allies) SERIOUSCRAFT: bob sagets are like super frosties
(36:51 / Allies) blueflagon: there splash hurts me though
(36:54 / Allies) SERIOUSCRAFT: this needs to end
(37:11 / Allies) blueflagon: the expo or game
(37:18 / Allies) SERIOUSCRAFT: this expo
(37:30 / Allies) SERIOUSCRAFT: pizzowned
(37:50 / Allies) KeKeZergRush: tne prob this
(38:01 / Allies) blueflagon: they out of gold
(38:02 / Allies) blueflagon: almost
(38:03 / Allies) SERIOUSCRAFT: yewp
(38:12 / Allies) SERIOUSCRAFT: hmm
(38:13 / Allies) SERIOUSCRAFT: not yetr
(38:24 / Allies) blueflagon: ah
(38:28 / Allies) blueflagon: we could beat it
(38:31 / Allies) blueflagon: but id lose osme gryphs
(38:36 / Allies) SERIOUSCRAFT: dont
(38:41 / Allies) blueflagon: kill teh necros
(38:46 / Allies) blueflagon: end the skeles
(39:12 / Allies) SERIOUSCRAFT: ooh
(39:51 / Allies) SERIOUSCRAFT: gonna stop this
(40:12 / Allies) SERIOUSCRAFT: well i need invlun pot first
(40:30 / Allies) blueflagon: wyverns dont beat gryphs
(40:40 / Allies) blueflagon: or dragons
(40:42 / Allies) blueflagon: for that matter
(40:45 / Allies) blueflagon: gold me for dragon
(40:46 / Allies) blueflagon: 300
(40:56 / Allies) SERIOUSCRAFT: keke has all the jew gold
(41:04 / Allies) SERIOUSCRAFT: 3 bob sagets woot
(41:05 / Allies) blueflagon: go blademaster that
(41:08 / Allies) SERIOUSCRAFT: am
(41:31 / Allies) SERIOUSCRAFT: and you still lost the damn thing??
(41:33 / Allies) blueflagon: i need intel or mana regen tiems
(41:56 / Allies) blueflagon: i say hit his main base
(41:59 / Allies) KeKeZergRush: more exp
(42:01 / Allies) KeKeZergRush: maybe item
(42:02 / Allies) blueflagon: draw him away from his expo
(42:09 / Allies) SERIOUSCRAFT: hes here
(42:09 / Allies) blueflagon: then i tp when he tps
(42:11 / Allies) KeKeZergRush: that only had 2 g in it
(42:11 / Allies) SERIOUSCRAFT: yea
(42:12 / Allies) KeKeZergRush: must be out
(42:43 / Allies) SERIOUSCRAFT: achtung
(42:58 / Allies) blueflagon: pick it off
(43:14 / Allies) SERIOUSCRAFT: v nice
(43:20 / Allies) SERIOUSCRAFT: no tps
(43:59 / Allies) SERIOUSCRAFT: bob sagets own buildings
(44:30 / Allies) SERIOUSCRAFT: too bad they slow me too
(45:29 / Allies) SERIOUSCRAFT: hah
(45:35 / Allies) blueflagon: can u get more reveal towers
(45:42 / Allies) blueflagon: very handy
(45:45 / Allies) SERIOUSCRAFT: yeah you should have a magic sentry tower in every base
(46:40 / All) KeKeZergRush: 2 ez nubs
(46:46 / All) SERIOUSCRAFT: leave shitnoob nec feed trash
(47:07 / All) DeViL_FODA: TOWER = NOOB
(47:10 / All) SERIOUSCRAFT: clearly
(47:13 / All) KeKeZergRush: loser equals loser
(47:15 / All) blueflagon: feeding is noob
(47:19 / All) KeKeZergRush: 2 bases vs 3
(47:21 / All) KeKeZergRush: we win
(47:22 / All) KeKeZergRush: stfu
(48:13 / Allies) blueflagon: dragons are excellent tanks agaisnt towers
(48:14 / Allies) KeKeZergRush: get in there
(48:19 / Allies) SERIOUSCRAFT: yep
(48:43 / Allies) SERIOUSCRAFT: too bad about dual aoe but you cant beat dual mk pally for heals and nukes
(49:08 / Allies) KeKeZergRush: scan towers up
(49:14 / Allies) SERIOUSCRAFT: i almost rescued a peon at the beginning too
(49:19 / Allies) SERIOUSCRAFT: losing my base like that was p noob
(49:27 / Allies) SERIOUSCRAFT: too many skeles tho
(49:30 / Allies) KeKeZergRush: well both sides
(49:31 / Allies) KeKeZergRush: part
(49:35 / Allies) KeKeZergRush: usually if 2 humans on this map
(49:42 / Allies) KeKeZergRush: i always play a human on each side towers
(49:44 / Allies) KeKeZergRush: usually
(49:46 / Allies) SERIOUSCRAFT: yeah the towers were too light on the other choke
(50:01 / Allies) SERIOUSCRAFT: last one
(50:07 / All) SERIOUSCRAFT: haha frosts
(50:10 / All) SERIOUSCRAFT: what are those going to do
(50:12 / Allies) blueflagon: really where
(50:15 / Allies) blueflagon: oh
(50:16 / Allies) blueflagon: lmao
(50:31 / Allies) KeKeZergRush: bastards
(50:47 / All) SERIOUSCRAFT: bob saget > frost
(50:48 / All) SERIOUSCRAFT: fyi
(51:08 / All) blueflagon: goes straight for hero with divine shield
(51:09 / All) blueflagon: lmao
(51:11 / All) SERIOUSCRAFT: expecially when you have 3 bob sagets
(51:20 / All) blueflagon: dragons are spell immune nubs